 Dungeon Crawl Stone Soup version 0.25-a0-285-gcba6f664f8 (webtiles) character file.

Game seed: 10222693323353660011, levelgen mode: deterministic

97 kae the Firebug (level 4, -5/27 HPs)
             Began as an Octopode Fire Elementalist on Dec 11, 2019.
             Slain by Crazy Yiuf
             ... wielding a +3 quarterstaff of chaos
              (14 damage)
             ... on level 2 of the Dungeon.
             The game lasted 00:01:58 (1618 turns).

kae the Firebug (Octopode Fire Elementalist)        Turns: 1618, Time: 00:01:59

Health: -5/27      AC:  1    Str:  7    XL:     4   Next: 68%
Magic:  1/7        EV: 13    Int: 18    God:
Gold:   151        SH:  0    Dex: 12    Spells: 7/8 levels left

rFire    . . .     SeeInvis .   a - +0 spear
rCold    . . .     Gourm    .   (no shield)
rNeg     . . .     Faith    .   (helmet restricted)
rPois    .         Spirit   .   (no amulet)
rElec    .         Reflect  .   (no ring)
rCorr    .         Harm     .   (no ring)
MR       .....                  (no ring)
Stlth    +++.......             (no ring)
HPRegen  0.09/turn              (no ring)
MPRegen  0.10/turn              (no ring)
                                (no ring)
                                (no ring)

@: no status effects
A: almost no armour, stealthy swim, amphibious, 8 rings, constrict 8, camouflage
1, gelatinous body 1
a: no special abilities


You were on level 2 of the Dungeon.
You were very hungry.

You visited 1 branch of the dungeon, and saw 2 of its levels.

You collected 151 gold pieces.

Inventory:

Hand Weapons
 a - a +0 spear (weapon)
Wands
 j - a wand of flame (14)
Scrolls
 c - a scroll of remove curse {unknown}
 d - 2 scrolls of identify
 f - a scroll of magic mapping
 h - a scroll of fog {unknown}
 k - a scroll of blinking {unknown}
Potions
 e - a potion of heal wounds
 g - a potion of brilliance {unknown}
 i - a potion of flight {unknown}
Comestibles
 b - 6 rations


   Skills:
 - Level 2.0 Dodging
 - Level 2.6 Stealth
 + Level 2.6 Spellcasting
 * Level 2.7 Conjurations
 * Level 4.0 Fire Magic


You had 7 spell levels left.
You knew the following spells:

 Your Spells              Type           Power        Failure   Level  Hunger
a - Foxfire               Conj/Fire      ##..         4%          1    #......

Your spell library contained the following spells:

 Spells                   Type           Power        Failure   Level  Hunger
 Conjure Flame            Conj/Fire      ##......     13%         3    ###....
 Inner Flame              Hex/Fire       #.......     22%         3    ###....
 Sticky Flame             Conj/Fire      ##......     38%         4    #####..
 Fireball                 Conj/Fire      ##........   75%         5    ######.


Dungeon Overview and Level Annotations

Branches:
Dungeon (2/15)

Altars:
Qazlal

Annotations:
D:2 Crazy Yiuf


Innate Abilities, Weirdness & Mutations

You cannot wear most types of armour.
You are very stealthy in the water. (Stealth+)
You are amphibious.
You can wear up to eight rings at the same time.
You can use your tentacles to constrict eight enemies at once.
Your skin changes colour to match your surroundings (Stealth+).
Your rubbery body absorbs attacks. (AC +1, EV +1)


Message History

Found a mace.
Found a runed translucent door.
Unknown command.
You open the door.
Casting: Foxfire (safe; 4% risk of failure)
Confirm with . or Enter, or press ? or * to list all spells.
You conjure some foxfire!
The foxfire hits Crazy Yiuf but does no damage.
Crazy Yiuf shouts!
There is an open translucent door here.
The foxfire hits Crazy Yiuf.
Crazy Yiuf is moderately wounded.
Crazy Yiuf hits you with a +3 quarterstaff of chaos!
You feel your power leaking away.
Casting: Foxfire (safe; 4% risk of failure)
Confirm with . or Enter, or press ? or * to list all spells.
You conjure some foxfire!
Crazy Yiuf hits you with a +3 quarterstaff of chaos.
You are electrocuted!
Ouch! That really hurt!
You die...

#.####.####
#....#
#.###........
#...<..(..#
#...##
#.....#...#..
#.####....#
##.##
#.......#....
#.####..[.#
#.##
#.#####...###
#.#.......#
##.# #.#
##.## #
#.........#
#.## #.#
#.####
#.#.##.####
##ยง# #.#
#.#.>.
..#....#
##v## #.#
#.#.##
.##.##.#
#.g@# #.#
#.#...
.##.##.#
#.v.# #.#
#.####
.##.##.#
#..)# #.#
#.....
.##.##.##
##### #.#
#.###.
#.....#.###
### #.# #.
.##.......#
#.###.
.##.#######
#..... .##.#
###.## .##.#
#.#


You could see Crazy Yiuf.

Vanquished Creatures
  4 adders (D:2)
  An ooze (D:1)
  3 dart slugs
  2 leopard geckos (D:2)
  A ball python (D:2)
  2 giant cockroaches
  5 goblins
  7 hobgoblins
  A quokka (D:2)
  4 bats
  A frilled lizard (D:1)
  8 kobolds
  7 rats
46 creatures vanquished.

Vanquished Creatures (others)
  61 foxfires
61 creatures vanquished.

Grand Total: 107 creatures vanquished

Notes
Turn   | Place    | Note
-------+----------+-------------------------------------------
     0 | D:1      | kae the Octopode Fire Elementalist began the quest for the
                  | Orb.
     0 | D:1      | Reached XP level 1. HP: 11/11 MP: 3/3
   184 | D:1      | Reached XP level 2. HP: 17/17 MP: 3/5
   426 | D:1      | Reached XP level 3. HP: 18/21 MP: 2/6
   864 | D:2      | Reached XP level 4. HP: 18/27 MP: 5/7
  1015 | D:2      | Found a stormy altar of Qazlal.
  1135 | D:2      | Reached skill level 4 in Fire Magic
  1609 | D:2      | Found a runed translucent door.
  1610 | D:2      | Noticed Crazy Yiuf
  1618 | D:2      | Slain by Crazy Yiuf

Levels and vault maps discovered:
D:1:      giann_bridges, layout_basic
D:2:      layout_loops_ring, lemuel_crystal_altar, first_ration,
          uniq_crazy_yiuf_cottage

Skill      XL: |  1  2  3  4 |
---------------+-------------+-----
Conjurations   | 2 |  2.7
Fire Magic     | 4 |  4.0
Dodging        | |  2.0
Stealth        | |  2.6
Spellcasting   | |  2.6

Action                   |  1- 3 |  4- 6 || total
-------------------------+-------+-------++-------
Melee: Unarmed           |     8 |       ||     8
       Constrict         |    12 |     5 ||    17
       Tentacles         |     5 |     2 ||     7
       Spear             |    39 |    24 ||    63
 Cast: Foxfire           |    25 |    14 ||    39
  Use: Scroll            |     2 |       ||     2
 Stab: Sleeping          |     2 |     3 ||     5
  Eat: Chunk             |       |     1 ||     1
Armor: Skin              |     3 |     2 ||     5
Dodge: Dodged            |    35 |    16 ||    51

Table legend:
 A = Non-vault XP
 B = Vault XP
 C = Vault XP percentage of total XP
 D = Non-vault monster count
 E = Vault monster count
 F = Vault count percentage of total count
                 A         B        C        D         E       F
            +---------+---------+-------+---------+---------+-------
      Total |     139 |       0 |   0.0 |      46 |       0 |   0.0
            +---------+---------+-------+---------+---------+-------
        D:1 |      48 |       0 |   0.0 |      24 |       0 |   0.0
        D:2 |      91 |       0 |   0.0 |      22 |       0 |   0.0
            +---------+---------+-------+---------+---------+-------
